 Seeded DCSS version 0.30-a0-859-gf88a04b62d (webtiles) character file.

Game seed: 14825015123840079673 (custom seed)

1224 Darius099 the Grappler (level 8, -2/74 HPs)
             Began as a Troll Monk on Mar 7, 2023.
             Slain by Prince Ribbit (13 damage)
             ... on level 6 of the Dungeon.
             The game lasted 00:06:49 (3233 turns).

Darius099 the Grappler (Troll Monk)                 Turns: 3233, Time: 00:06:50

Health: -2/74      AC:  4    Str: 20    XL:     8   Next: 23%
Magic:  7/7        EV: 11    Int:  6    God:
Gold:   213        SH:  0    Dex: 20    Spells: 7/7 levels left

rFire   + . .      SeeInvis .      - Unarmed
rCold   + . .      Faith    .    (no shield)
rNeg    . . .      Spirit   .    y - +0 robe
rPois   .          Reflect  .    (helmet restricted)
rElec   .          Rampage  .    k - scarf {rC+ rF+}
rCorr   .                        (gloves unavailable)
Will    +....                    (boots unavailable)
Stlth   ++                       g - amulet of regeneration
HPRegen 1.92/turn                x - +6 ring of dexterity
MPRegen 0.10/turn                q - ring of willpower

@: no status effects
A: large, unfitting armour, claws 3, regeneration 1, shaggy fur 1, tough skin 1
a: no special abilities


You were on level 6 of the Dungeon.
You visited 1 branch of the dungeon, and saw 6 of its levels.

You collected 213 gold pieces.

Inventory:

Armour
 k - a scarf of resistance (worn)
 y - a +0 robe (worn)
Jewellery
 a - a ring of wizardry
 g - an amulet of regeneration (around neck)
 l - a ring of see invisible
 q - a ring of willpower (right claw)
 t - a ring of willpower
 x - a +6 ring of dexterity (left claw)
Wands
 r - a wand of digging (10)
Scrolls
 c - 2 scrolls of teleportation {unknown}
 d - 3 scrolls of identify {unknown}
 h - 2 scrolls of vulnerability {unknown}
 j - a scroll of amnesia {unknown}
 m - 5 scrolls of blinking {unknown}
 n - 2 scrolls of brand weapon {unknown}
 v - a scroll of enchant armour {unknown}
 A - 2 scrolls of fear {unknown}
 B - a scroll of torment {unknown}
Potions
 b - a potion of ambrosia
 e - 2 potions of flight {unknown}
 f - 2 potions of attraction {unknown}
 i - 2 potions of degeneration {unknown}
 o - 3 potions of brilliance {unknown}
 p - 2 potions of lignification {unknown}
 s - 2 potions of heal wounds {unknown}
 u - 2 potions of might {unknown}
 w - 4 potions of haste {unknown}
 z - a potion of resistance {unknown}
 C - 2 potions of cancellation {unknown}
 D - a potion of mutation {unknown}


   Skills:
 - Level 2.4 Fighting
 - Level 2.4 Dodging
 - Level 1.0 Stealth
 + Level 10.4 Unarmed Combat


You had 7 spell levels left.
You didn't know any spells.
Your spell library contained the following spells:

 Spells                   Type           Power      Damage    Failure   Level
 Cigotuvi's Dreadful Rot  Necr/Pois/Air  0%         N/A       58%         2
 Passwall                 Tmut/Erth      0%         N/A       58%         2
 Poisonous Vapours        Pois/Air       0%         N/A       58%         2
 Hailstorm                Conj/Ice       0%         3d3       83%         3
 Mephitic Cloud           Conj/Pois/Air  0%         N/A       83%         3
 Ozocubu's Armour         Ice            0%         N/A       83%         3
 Animate Armour           Summ/Erth      0%         N/A       99%         4
 Ice Form                 Ice/Tmut       0%         N/A       99%         4
 Alistair's Intoxication  Tmut/Pois      0%         N/A       100%        5
 Lee's Rapid Deconstruct  Erth           0%         3d4*      100%        5
 Simulacrum               Ice/Necr       0%         N/A       100%        6
 Ozocubu's Refrigeration  Ice            0%         4d7       100%        7


Dungeon Overview and Level Annotations

Branches:
Dungeon (6/15)
 Temple: D:4-7

Altars:
Fedhas
Ru
Wu Jian

Annotations:
D:6 4 runed translucent doors, Prince Ribbit


Innate Abilities, Weirdness & Mutations

You are too large for most types of armour.
You have claws for hands.
Your natural rate of healing is unusually fast.
You are covered in fur. (AC +1)
You have tough skin. (AC +1)


Message History

Prince Ribbit hits you but does no damage.
You claw Prince Ribbit!
Prince Ribbit is moderately wounded.
Prince Ribbit hits you!
You barely miss Prince Ribbit. Your claw misses Prince Ribbit.
Prince Ribbit is moderately wounded.
Prince Ribbit hits you.
You miss Prince Ribbit.
Prince Ribbit is moderately wounded.
Prince Ribbit barely misses you.
You miss Prince Ribbit.
Prince Ribbit is moderately wounded.
Prince Ribbit blinks!
No target in view!
No target in view!
Prince Ribbit is nearby!
Prince Ribbit hits you!
You claw Prince Ribbit!
Prince Ribbit is heavily wounded.
Prince Ribbit blinks!
No target in view!
No target in view!
No target in view!
No target in view!
Prince Ribbit catches a baby bat with his tongue.
Prince Ribbit hits you!
You scratch Prince Ribbit.
Prince Ribbit is heavily wounded.
Prince Ribbit hits you!
You claw Prince Ribbit! Your claw misses Prince Ribbit.
Prince Ribbit is severely wounded.
Prince Ribbit barely misses you.
You scratch Prince Ribbit.
Prince Ribbit is almost dead.
Prince Ribbit hits you!
* * * LOW HITPOINT WARNING * * *
You barely miss Prince Ribbit.
Prince Ribbit is almost dead.
Prince Ribbit hits you!
You die...

#### #).
#######.#####
#.......@F..#
#.#####.###.########
#.###........#
#.#.....####.#
#.#.###.####.## #.#.
#.......##
#.#.###).......
#[#...).#####.#
#.###.#)###..


You could see Prince Ribbit.

Vanquished Creatures
  A water moccasin (D:6)
  An ice beast (D:5)
  A black bear (D:6)
  3 phantoms
  A kobold brigand (D:5)
  A scorpion (D:4)
  A hound (D:5)
  2 orc priests
  Jessica (D:2)
  Ijyb (D:3)
  3 iguanas
  6 orc wizards
  4 gnolls (D:4)
  7 adders
  3 dart slugs
  24 orcs
  5 ball pythons
  5 bats
  4 endoplasms
  2 giant cockroaches
  3 goblins
  8 hobgoblins
  15 kobolds
  4 quokkas
  2 frilled lizards (D:3)
  5 rats
113 creatures vanquished.

Notes
Turn   | Place    | Note
-------+----------+-------------------------------------------
     0 | D:1      | Darius099 the Troll Monk began the quest for the Orb.
     0 | D:1      | Reached XP level 1. HP: 22/22 MP: 0/0
   239 | D:1      | Reached XP level 2. HP: 29/29 MP: 1/1
   350 | D:1      | Found a faded altar of an unknown god.
   826 | D:2      | Noticed Jessica
   839 | D:2      | Killed Jessica
   840 | D:2      | Reached skill level 4 in Unarmed Combat
   840 | D:2      | Reached XP level 3. HP: 33/36 MP: 2/2
  1062 | D:2      | Reached XP level 4. HP: 44/44 MP: 3/3
  1277 | D:3      | Reached skill level 5 in Unarmed Combat
  1338 | D:3      | Noticed Ijyb
  1345 | D:3      | Killed Ijyb
  1545 | D:3      | Found a sacrificial altar of Ru.
  1743 | D:4      | Found an ornate altar of the Wu Jian Council.
  1762 | D:4      | Noticed a phantom
  1774 | D:4      | Killed a phantom
  1775 | D:4      | Reached skill level 6 in Unarmed Combat
  1775 | D:4      | Reached XP level 5. HP: 50/50 MP: 4/4
  1954 | D:4      | Reached XP level 6. HP: 59/59 MP: 5/5
  1996 | D:4      | Reached skill level 7 in Unarmed Combat
  2324 | D:5      | Entered Level 5 of the Dungeon
  2338 | D:5      | Reached skill level 8 in Unarmed Combat
  2395 | D:5      | Reached XP level 7. HP: 66/66 MP: 6/6
  2547 | D:5      | Got the Directory of the Green Xenolith
  2655 | D:5      | Found a blossoming altar of Fedhas.
  2710 | D:5      | Reached skill level 9 in Unarmed Combat
  3150 | D:6      | Found a large runed translucent door.
  3150 | D:6      | Noticed a troll
  3151 | D:6      | Found a large runed translucent door.
  3151 | D:6      | Noticed a shadow
  3153 | D:6      | Found a large runed translucent door.
  3153 | D:6      | Found a large runed translucent door.
  3184 | D:6      | Reached skill level 10 in Unarmed Combat
  3184 | D:6      | Reached XP level 8. HP: 74/74 MP: 7/7
  3212 | D:6      | Noticed Prince Ribbit
  3233 | D:6      | Slain by Prince Ribbit

Illustrated notes

Levels and vault maps discovered:
D:1:      kennysheep_arrival_seaside, layout_loops_cross, basic_ecumenical_altar
D:2:      layout_rooms, uniq_jessica
D:3:      layout_rooms, old_standard_altar, serial_glass, glass_columns_a,
          glass_columns_a, uniq_ijyb
D:4:      layout_basic, mainiacjoe_overflow_surrounded_room
D:5:      layout_loops_ring, mainiacjoe_overflow_small_starburst
D:6:      layout_loops_ring, minmay_temple_entry_hall,
          minmay_hollow_rounded_squares, uniq_prince_ribbit1

Skill      XL: |  1  2  3  4  5  6  7 |
---------------+----------------------+-----
Unarmed Combat | 4 6 8 10 | 10.4
Fighting       | |  2.4
Dodging        | |  2.4
Stealth        | |  1.0

Action                     |  1- 3 |  4- 6 |  7- 9 || total
---------------------------+-------+-------+-------++-------
  Melee: Unarmed           |    59 |   141 |    94 ||   294
         Punch             |     1 |     6 |     5 ||    12
   Stab: Sleeping          |     4 |     6 |     2 ||    12
         Distracted        |       |     1 |     1 ||     2
 Armour: Robe              |    20 |    36 |    11 ||    67
  Dodge: Dodged            |    30 |    68 |    39 ||   137

Table legend: (Time is in decaauts)
 A = Elapsed time spent in this place.
 B = Non-inter-level travel time spent in this place.
 C = Inter-level travel time spent in this place.
 D = Time resting spent in this place.
 E = Time spent auto-exploring this place.
 F = Levels seen in this place.
 G = Mean time per level.
                   A        B        C        D        E       F      G
               +--------+--------+--------+--------+--------+-----+--------+
         Total |   3192 |   2986 |    206 |      8 |   2009 |   6 |  532.0 |
       Dungeon |   3192 |   2986 |    206 |      8 |   2009 |   6 |  532.0 |
               +--------+--------+--------+--------+--------+-----+--------+

Top non-repeatable levels by time:
     D:1: 808 daAuts
     D:5: 803 daAuts
     D:4: 585 daAuts
     D:3: 477 daAuts
     D:2: 433 daAuts
     D:6: 84 daAuts
